 Dungeon Crawl Stone Soup version 0.28-a0-1447-ga5a8893891 (webtiles) character file.

Game seed: 2082890374782285309

256 willcat the Firebug (level 6, -3/40 (44) HPs)
             Began as a Gnoll Fire Elementalist on Jan 11, 2022.
             Slain by a wight (7 damage)
             ... on level 2 of the Dungeon.
             The game lasted 00:03:58 (2562 turns).

willcat the Firebug (Gnoll Fire Elementalist)       Turns: 2562, Time: 00:03:58

HP:   -3/40 (44)    AC:  2    Str:  7    XL:     6   Next: 15%
MP:   10/13         EV: 14    Int: 17    God:
Gold: 50            SH:  0    Dex: 16    Spells: 4/15 levels left

rFire   . . .      SeeInvis .   i - +5 dagger "Laduplub" {protect, rElec rPois Will+ Dex+4}
rCold   . . .      Faith    .   (no shield)
rNeg    . . .      Spirit   .   a - +0 robe
rPois   +          Reflect  .   (no helmet)
rElec   +          Harm     .   (no cloak)
rCorr   .          Rampage  .   (no gloves)
Will    +....                   (no boots)
Stlth   +++.......              j - amulet of magic regeneration
HPRegen 0.13/turn               (no ring)
MPRegen 0.53/turn               (no ring)

@: drained
A: fangs 1, strong nose, distributed training
a: no special abilities


You were on level 2 of the Dungeon.
You visited 1 branch of the dungeon, and saw 3 of its levels.

You collected 50 gold pieces.

Inventory:

Hand Weapons
 i - the +5 dagger "Laduplub" (weapon) {protect, rElec rPois Will+ Dex+4}
   (You found it on level 2 of the Dungeon)

   It grants its wielder temporary protection when it strikes (+7 to AC).
   Dex:       It affects your dexterity (+4).
   rElec:     It insulates you from electricity.
   rPois:     It protects you from poison.
   Will:      It increases your willpower.
Armour
 a - a +0 robe (worn)
Jewellery
 j - an amulet of magic regeneration (around neck)
Scrolls
 c - a scroll of fog {unknown}
 d - 2 scrolls of identify {unknown}
 e - a scroll of brand weapon {unknown}
 f - a scroll of blinking {unknown}
 h - a scroll of amnesia {unknown}
Potions
 b - 2 potions of heal wounds {unknown}
 g - a potion of degeneration {unknown}


   Skills:
 + Level 1.8 Fighting
 + Level 1.8 Short Blades
 + Level 1.8 Long Blades
 + Level 1.8 Axes
 + Level 1.8 Maces & Flails
 + Level 1.8 Polearms
 + Level 1.8 Staves
 + Level 1.8 Slings
 + Level 1.8 Bows
 + Level 1.8 Crossbows
 + Level 1.8 Throwing
 + Level 1.8 Armour
 + Level 4.9 Dodging
 + Level 4.5 Stealth
 + Level 1.8 Shields
 + Level 1.8 Unarmed Combat
 + Level 5.3 Spellcasting
 + Level 2.5 Conjurations
 + Level 1.4 Hexes
 + Level 1.4 Summonings
 + Level 1.4 Necromancy
 + Level 1.4 Translocations
 + Level 1.4 Transmutations
 + Level 5.6 Fire Magic
 + Level 1.4 Ice Magic
 + Level 1.4 Air Magic
 + Level 1.4 Earth Magic
 + Level 1.4 Poison Magic
 + Level 2.0 Invocations
 + Level 1.8 Evocations


You had 4 spell levels left.
You knew the following spells:

 Your Spells              Type           Power      Damage    Failure   Level
a - Foxfire               Conj/Fire      72%        2x1d7     2%          1
b - Scorch                Fire           46%        2d7       1%          2
c - Flame Wave            Conj/Fire      18%        2d5       26%         4
d - Sticky Flame          Conj/Fire      18%        2d4       26%         4

Your spell library contained the following spells:

 Spells                   Type           Power      Damage    Failure   Level
 Conjure Flame            Conj/Fire      18%        6-21      8%          3
 Static Discharge         Conj/Air       11%        N/A       9%          2
 Inner Flame              Hex/Fire       16%        N/A       10%         3
 Dispel Undead            Necr           9%         3d8       58%         4


Dungeon Overview and Level Annotations

Branches:
Dungeon (3/15)

Altars:

Shops:
D:2 =


Innate Abilities, Weirdness & Mutations

You have very sharp teeth.
Your uncanny sense of smell can sniff out nearby items.
Your experience applies equally to all skills.


Message History

The wight is almost destroyed.
The wight's fire resistance burns away.
The wight misses you.
Unknown command.
Casting: Scorch (safe; 1% risk of failure)
Confirm with . or Enter, or press ? or * to list all spells.
Flames lash the wight.
The wight is burned terribly!
You destroy the wight!
Your life force feels restored.
Your Invocations skill increases to level 2!
You have reached level 6!
Things that are here:
a +1 morningstar; a +0 robe Magic restored.
There is a stone staircase leading down here.
You climb downwards.
The wight hits you from afar with a +2 halberd.
You feel drained. The wight hits you with a +0 scimitar.
You feel drained. The wight completely misses you. x2
There is a stone staircase leading up here.
Unknown command.
There are monsters nearby!
There are monsters nearby!
Unknown command.
The wight barely misses you. The wight misses you.
You climb upwards.
There is a stone staircase leading down here.
Unknown command.
Casting: Scorch (safe; 1% risk of failure)
Confirm with . or Enter, or press ? or * to list all spells.
Flames lash the wight but do no damage.
The wight hits you with a +0 scimitar!
* * * LOW HITPOINT WARNING * * *
You feel drained.
* * * LOW HITPOINT WARNING * * *
Unknown command.
Casting: Scorch (safe; 1% risk of failure)
Confirm with . or Enter, or press ? or * to list all spells.
Flames lash the wight.
The wight is moderately damaged.
The wight's fire resistance burns away.
The wight hits you with a +0 scimitar!
You die...

#..####.#.####.....'..'........
#..#....#....#.....####........
##.#.#######.#......# #..>.....
#.#....#....#.####.###........
#.####.#.####..# #.##.........
#....#.#.#.....###.##.........
###..#...#.#...<##.##.........
#..##'##.#....##.##.).......
##........#z@..##.##.........
#..###.####...(...##.........
#####.##
#........####...........
.....)#
######^..'.#............
....### #...#.#.........###
....# #...#.#.######### ....#
#...#.#'###### #####
#...#........# #####........#


You could see a wight (combustible).

Vanquished Creatures
  Sigmund (D:2)
  A wight (D:2)
  An adder (D:2)
  A dart slug (D:1)
  3 ball pythons
  6 bats
  3 endoplasms (D:1)
  2 giant cockroaches (D:2)
  2 goblins
  4 hobgoblins
  2 jackals (D:1)
  3 kobolds
  2 quokkas
  A frilled lizard (D:2)
32 creatures vanquished.

Vanquished Creatures (others)
  110 foxfires
110 creatures vanquished.

Grand Total: 142 creatures vanquished

Notes
Turn   | Place    | Note
-------+----------+-------------------------------------------
     0 | D:1      | willcat the Gnoll Fire Elementalist began the quest for the
                  | Orb.
     0 | D:1      | Reached XP level 1. HP: 13/13 MP: 6/6
   310 | D:1      | Reached XP level 2. HP: 19/19 MP: 4/7
   861 | D:1      | Learned a level 2 spell: Scorch
   878 | D:1      | Found a faded altar of an unknown god.
  1005 | D:1      | Reached XP level 3. HP: 25/25 MP: 6/9
  1436 | D:2      | Reached skill level 5 in Spellcasting
  1499 | D:2      | Noticed Sigmund
  1508 | D:2      | Killed Sigmund
  1509 | D:2      | Reached skill level 1 in Fighting
  1509 | D:2      | Reached skill level 1 in Short Blades
  1509 | D:2      | Reached skill level 1 in Long Blades
  1509 | D:2      | Reached skill level 1 in Axes
  1509 | D:2      | Reached skill level 1 in Maces & Flails
  1509 | D:2      | Reached skill level 1 in Polearms
  1509 | D:2      | Reached skill level 1 in Staves
  1509 | D:2      | Reached skill level 1 in Slings
  1509 | D:2      | Reached skill level 1 in Bows
  1509 | D:2      | Reached skill level 1 in Crossbows
  1509 | D:2      | Reached skill level 1 in Throwing
  1509 | D:2      | Reached skill level 1 in Armour
  1509 | D:2      | Reached skill level 1 in Shields
  1509 | D:2      | Reached skill level 1 in Unarmed Combat
  1509 | D:2      | Reached skill level 1 in Hexes
  1509 | D:2      | Reached skill level 1 in Summonings
  1509 | D:2      | Reached skill level 1 in Necromancy
  1509 | D:2      | Reached skill level 1 in Translocations
  1509 | D:2      | Reached skill level 1 in Transmutations
  1509 | D:2      | Reached skill level 1 in Ice Magic
  1509 | D:2      | Reached skill level 1 in Air Magic
  1509 | D:2      | Reached skill level 1 in Earth Magic
  1509 | D:2      | Reached skill level 1 in Poison Magic
  1509 | D:2      | Reached skill level 1 in Invocations
  1509 | D:2      | Reached skill level 1 in Evocations
  1509 | D:2      | Reached XP level 4. HP: 16/32 MP: 3/11
  1509 | D:2      | Reached XP level 5. HP: 18/37 MP: 3/12
  1615 | D:2      | Learned a level 4 spell: Sticky Flame
  1670 | D:2      | Learned a level 4 spell: Flame Wave
  1705 | D:2      | Found Gunk's One-of-a-Kind Rings.
  2033 | D:2      | Identified the +5 dagger "Laduplub" {protect, rElec rPois
                  | Will+ Dex+4}
  2508 | D:2      | Reached XP level 6. HP: 32/44 MP: 9/13
  2562 | D:2      | Slain by a wight

Illustrated notes

Levels and vault maps discovered:
D:1:      minmay_arrival_split_and_join, layout_loops_ring,
          ebering_ecumenical_altar_rust, hangedman_decor_push
D:2:      layout_basic, nicolae_shop_unique_rings, roderic_filled_cross,
          uniq_sigmund
D:3:      layout_loops_ring, lemuel_tele_altar, nicolae_overflow_crystal_walls,
          serial_shops, nicolae_shop_stone, kennysheep_generic_room_14

Skill      XL: |  1  2  3  4  5 |
---------------+----------------+-----
Conjurations   | 2 |  2.5
Spellcasting   | 5 |  5.3
Fighting       | 1 |  1.8
Short Blades   | 1 |  1.8
Long Blades    | 1 |  1.8
Axes           | 1 |  1.8
Maces & Flails | 1 |  1.8
Polearms       | 1 |  1.8
Staves         | 1 |  1.8
Slings         | 1 |  1.8
Bows           | 1 |  1.8
Crossbows      | 1 |  1.8
Throwing       | 1 |  1.8
Armour         | 1 |  1.8
Shields        | 1 |  1.8
Unarmed Combat | 1 |  1.8
Hexes          | 1 |  1.4
Summonings     | 1 |  1.4
Necromancy     | 1 |  1.4
Translocations | 1 |  1.4
Transmutations | 1 |  1.4
Ice Magic      | 1 |  1.4
Air Magic      | 1 |  1.4
Earth Magic    | 1 |  1.4
Poison Magic   | 1 |  1.4
Invocations    | 1 2 |  2.0
Evocations     | 1 |  1.8
Dodging        | |  4.9
Stealth        | |  4.5
Fire Magic     | |  5.6

Action                   |  1- 3 |  4- 6 || total
-------------------------+-------+-------++-------
Melee: Unarmed           |    19 |     2 ||    21
       Bite              |     1 |     3 ||     4
       Dagger            |       |    15 ||    15
       Punch             |       |     1 ||     1
 Cast: Foxfire           |    67 |    14 ||    81
       Scorch            |       |     5 ||     5
 Stab: Sleeping          |     1 |     2 ||     3
Armor: Robe              |    11 |     4 ||    15
Dodge: Dodged            |    23 |    17 ||    40

Table legend: (Time is in decaauts)
 A = Elapsed time spent in this place.
 B = Non-inter-level travel time spent in this place.
 C = Inter-level travel time spent in this place.
 D = Time resting spent in this place.
 E = Time spent auto-exploring this place.
 F = Levels seen in this place.
 G = Mean time per level.
                   A        B        C        D        E       F      G
               +--------+--------+--------+--------+--------+-----+--------+
         Total |   2561 |   2430 |    131 |      0 |   2092 |   3 |  853.7 |
       Dungeon |   2561 |   2430 |    131 |      0 |   2092 |   3 |  853.7 |
               +--------+--------+--------+--------+--------+-----+--------+

Top non-repeatable levels by time:
     D:1: 1401 daAuts
     D:2: 1107 daAuts
     D:3: 52 daAuts
